Map: [ESL] Alcyone

Players

ForJumyyyy (ForJumy) - Winner!

  • Race: Protoss Protoss
  • League: Master
  • Spawn Location: 1:00

Spazymazy

  • Race: Zerg Zerg
  • League: Master
  • Spawn Location: 7:00

Event: HomeStory Cup XXV

VOD

Have the link to the VOD?

Description

Time

  • Played on: June 22, 2024, 7:49 a.m.
  • Length: 11:43

All games in this series

Show
View Real Time Build Order
Export as new Build Order

ForJumyyyy Protoss - Winner!

Build Orders: 1 Gate Expand, Oracle Opening, Archon Immortal, Archon Drop 

Get SALT Encoding   

  12  0:00  Probe  
  13  0:12  Probe  
  14  0:18  Pylon  
  14  0:24  Probe  
  15  0:36  Probe (Chrono Boost)  
  15  0:39  Gateway  
  16  0:48  Assimilator, Probe (Chrono Boost)  
  17  0:53  Probe (Chrono Boost)  
  18  1:03  Probe  
  19  1:15  Probe  
  20  1:27  Cybernetics Core  
  20  1:36  Nexus  
  20  1:43  Zealot  
  20  1:46  Probe  
  23  1:54  Pylon  
  23  2:02  Assimilator  
  23  2:10  Adept (Chrono Boost)  
  23  2:12  Probe  
  26  2:24  Probe  
  26  2:33  Adept  
  26  2:36  Probe  
  27  2:39  Stargate  
  27  2:44  Warp Gate  
  27  2:49  Probe x2 (Chrono Boost)  
  29  2:58  Probe x2 (Chrono Boost)  
  31  3:03  Stalker, Probe x2 (Chrono Boost)  
  35  3:15  Probe (Chrono Boost)  
  37  3:21  Probe (Chrono Boost)  
  37  3:22  Gateway  
  37  3:26  Oracle, Probe (Chrono Boost)  
  40  3:28  Probe (Chrono Boost)  
  42  3:38  Probe  
  43  3:45  Robotics Facility  
  43  3:48  Assimilator  
  41  3:50  Assimilator  
  41  3:54  Pylon  
  41  3:56  Probe  
  41  4:02  Probe  
  43  4:04  Twilight Council  
  43  4:08  Probe  
  42  4:14  Probe (Chrono Boost)  
  43  4:17  Gateway x2  
  44  4:24  Probe (Chrono Boost)  
  44  4:25  Pylon  
  44  4:26  Probe (Chrono Boost)  
  45  4:32  Adept  
  45  4:34  Adept  
  45  4:35  Probe x2 (Chrono Boost)  
  49  4:42  Warp Prism (Chrono Boost)  
  49  4:51  Probe  
  52  4:58  Probe  
  53  5:00  Templar Archives  
  53  5:01  Pylon  
  53  5:09  Probe  
  54  5:17  Probe  
  54  5:21  Probe  
  51  5:30  Adept  
  51  5:31  Adept  
  51  5:34  Nexus  
  53  5:38  High Templar x2  
  53  5:39  Probe  
  53  5:40  Probe  
  53  5:41  Pylon  
  59  5:44  Archon  
  58  5:51  Probe  
  58  5:53  Probe, High Templar x2, Pylon  
  64  5:57  Pylon  
  64  5:59  Archon  
  64  6:03  Probe  
  65  6:06  Probe  
  65  6:09  Nexus  
  65  6:10  Pylon  
  66  6:18  Zealot x2  
  68  6:19  Probe  
  68  6:23  Probe  
  68  6:25  Forge, Immortal (Chrono Boost)  
  72  6:30  Zealot x2  
  72  6:31  Probe  
  76  6:35  Probe  
  75  6:43  Zealot, Probe  
  72  6:47  Probe  
  73  6:55  Probe  
  73  6:59  Probe  
  73  7:01  Zealot x3  
  73  7:02  Charge (Chrono Boost), Protoss Ground Weapons Level 1 (Chrono Boost)  
  73  7:04  Gateway x2  
  73  7:08  Immortal (Chrono Boost)  
  73  7:11  Sentry  
  79  7:16  Shield Battery  
  79  7:22  Sentry x2  
  79  7:29  Gateway  
  83  7:30  Gateway  
  83  7:32  Probe x2  
  83  7:35  Pylon  
  85  7:37  Immortal (Chrono Boost)  
  85  7:42  Probe  
  85  7:44  High Templar x2  
  92  7:46  Assimilator  
  92  7:51  Assimilator, Archon  
  92  7:56  High Templar x2  
  92  7:58  Probe  
  97  8:02  Pylon  
  97  8:03  Pylon  
  97  8:04  Archon  
  97  8:05  High Templar  
  99  8:06  Probe x2, High Templar  
  99  8:10  Probe  
  99  8:11  Archon  
  99  8:12  Observer (Chrono Boost)  
  105  8:17  Zealot x2  
  108  8:20  Pylon  
  108  8:25  Nexus  
  108  8:26  Pylon  
  108  8:28  Immortal (Chrono Boost)  
  108  8:32  Pylon  
  112  8:39  Zealot x2, High Templar x2  
  120  8:45  Pylon  
  120  8:48  Zealot x3  
  122  8:53  Zealot  
  127  8:57  Archon  
  127  8:59  Immortal (Chrono Boost)  
  127  9:00  Probe  
  130  9:05  Zealot x2  
  134  9:10  High Templar x2  
  134  9:13  Nexus, Protoss Ground Weapons Level 2 (Chrono Boost)  
  134  9:20  Zealot x4  
  136  9:27  Zealot x2  
  136  9:28  Archon  
  134  9:33  Immortal  
  130  9:43  High Templar x2  
  130  9:44  Zealot x3  
  136  9:52  Photon Cannon  
  130  9:53  Photon Cannon  
  130  9:58  Archon  
  122  10:02  Zealot x3  
  120  10:08  High Templar x2  
  124  10:14  Archon  
  124  10:15  Warp Prism (Chrono Boost)  
  124  10:19  Stalker x2  
  122  10:29  Zealot x3  
  118  10:39  Gateway  
  118  10:40  Gateway  
  114  10:43  High Templar x2  
  114  10:44  Probe x3  
  114  10:48  Archon  
  121  10:50  Stalker x2  
  121  10:55  Immortal (Chrono Boost)  
  125  11:00  High Templar x2  
  125  11:03  Zealot x2  
  133  11:04  Archon  
  133  11:13  Zealot x2  
  133  11:16  Zealot x2, Photon Cannon  
  136  11:28  Stalker  
  136  11:29  Stalker  
  138  11:41  Zealot x5  
Show
View Real Time Build Order
Export as new Build Order

Spazymazy Zerg 

Build Orders: Pool First 

Get SALT Encoding   

  12  0:00  Drone  
  13  0:12  Overlord  
  13  0:18  Drone  
  14  0:30  Drone x2  
  16  0:40  Spawning Pool  
  15  0:45  Drone  
  15  0:47  Drone  
  17  1:07  Drone  
  17  1:10  Extractor  
  17  1:15  Hatchery  
  16  1:26  Zergling x2  
  16  1:27  Zergling x4  
  16  1:32  Queen  
  21  1:42  Drone  
  22  2:00  Overlord  
  22  2:06  Hatchery  
  21  2:15  Drone  
  21  2:32  Metabolic Boost  
  21  2:34  Drone x2  
  22  2:39  Drone  
  22  2:43  Drone  
  22  2:44  Drone  
  25  2:46  Drone x3  
  27  2:51  Drone  
  27  2:56  Drone  
  29  2:59  Queen  
  29  3:02  Zergling x2  
  33  3:05  Zergling x2  
  33  3:10  Zergling x2  
  34  3:17  Queen  
  34  3:19  Zergling x2  
  37  3:21  Zergling x2  
  38  3:30  Drone  
  38  3:32  Drone x3  
  41  3:41  Drone  
  41  3:42  Overlord  
  41  3:43  Drone  
  42  3:49  Spore Crawler  
  42  3:52  Drone  
  42  3:57  Spore Crawler  
  42  3:58  Overlord  
  42  4:00  Queen x2  
  42  4:01  Drone  
  42  4:02  Drone  
  46  4:05  Drone x2  
  48  4:11  Drone x2  
  48  4:16  Overlord  
  49  4:17  Overlord  
  49  4:19  Drone  
  50  4:26  Spore Crawler, Drone  
  50  4:27  Drone  
  52  4:31  Drone  
  52  4:34  Roach Warren  
  50  4:40  Queen  
  50  4:42  Drone  
  50  4:45  Drone x3  
  54  4:48  Extractor  
  54  4:52  Drone x2  
  54  4:53  Drone x2  
  54  4:54  Drone  
  54  4:59  Zergling x6  
  60  5:04  Zergling x2  
  60  5:05  Zergling x2  
  61  5:14  Drone  
  61  5:15  Drone x3  
  61  5:16  Drone x2  
  61  5:19  Drone  
  65  5:22  Drone  
  65  5:23  Drone x2  
  67  5:30  Drone  
  67  5:32  Lair  
  67  5:33  Drone x2  
  67  5:34  Drone x2  
  72  5:38  Evolution Chamber  
  72  5:41  Overlord x2  
  71  5:47  Overlord  
  70  5:51  Overlord  
  70  5:53  Overlord x2  
  70  5:57  Drone x3, Extractor  
  70  6:00  Overlord  
  72  6:04  Overlord  
  72  6:06  Zerg Melee Weapons Level 1  
  72  6:08  Roach x3  
  72  6:09  Roach x2  
  82  6:16  Roach x3  
  86  6:24  Roach x4  
  86  6:31  Roach x2  
  90  6:35  Roach  
  90  6:36  Zergling x4  
  88  6:43  Drone x3  
  88  6:45  Drone x2  
  89  6:48  Queen x2  
  92  6:57  Drone x2  
  92  6:58  Drone x2  
  92  7:01  Drone  
  97  7:08  Extractor  
  97  7:09  Glial Reconstitution  
  97  7:13  Drone x2  
  97  7:15  Drone x2, Queen, Extractor x2  
  99  7:19  Drone  
  99  7:21  Hatchery  
  100  7:24  Overlord  
  100  7:30  Spire  
  100  7:35  Roach x2  
  104  7:42  Drone x3  
  104  7:43  Drone x2  
  105  7:49  Drone x2  
  105  7:51  Zergling x2, Roach x2  
  111  7:52  Overseer  
  111  7:55  Roach x2  
  111  7:57  Queen  
  117  8:10  Roach x3  
  117  8:11  Roach x7  
  135  8:14  Overlord  
  135  8:19  Overlord  
  135  8:26  Overlord  
  135  8:27  Overlord  
  135  8:29  Drone  
  136  8:36  Overlord  
  136  8:40  Zergling x14  
  143  8:44  Mutalisk x4  
  143  8:46  Mutalisk  
  152  8:49  Zergling x2  
  152  8:53  Mutalisk  
  155  8:56  Queen  
  155  8:59  Mutalisk  
  155  9:00  Mutalisk  
  155  9:01  Zergling x4  
  155  9:02  Zergling x4  
  141  9:06  Zergling x4  
  141  9:07  Zergling x2  
  138  9:12  Roach  
  139  9:17  Roach x2  
  144  9:24  Roach x2  
  144  9:31  Roach x7  
  143  9:32  Roach x2  
  143  9:38  Zergling x6, Roach x2  
  138  9:50  Roach x3  
  138  9:52  Zergling x2  
  129  9:55  Zergling x6  
  130  10:03  Roach  
  130  10:04  Zergling x4, Roach x4  
  130  10:06  Ravager x5  
  130  10:07  Ravager  
  132  10:09  Queen  
  132  10:11  Zergling x2  
  132  10:12  Zergling x4  
  126  10:15  Zergling x2  
  126  10:21  Zergling x2  
  121  10:23  Zergling x2  
  120  10:35  Zergling x2  
  113  10:42  Zergling x26  
  125  10:48  Roach Warren  
  124  10:50  Zergling x2  
  124  10:54  Hatchery, Zergling x4  
  124  11:01  Zergling x4  
  126  11:11  Zergling x16  
  123  11:16  Extractor  
  123  11:17  Extractor  
  124  11:18  Zergling x2  
  124  11:19  Zergling x6  
  124  11:20  Zergling x2  
  124  11:25  Zergling x2  
Tags
 
Add a new tag
Caveats
  • Supply blocks, unpowered buildings, or Contaminate may cause inaccurate times.
  • Supply counts are checked every 10 seconds.